 Dungeon Crawl Stone Soup version 0.30.1-4-g462c640d31 (webtiles) character file.

Game seed: 7179335088043609286

122 ChiefBigBeans the Conjurer (level 4, -1/24 HPs)
             Began as a Deep Elf Conjurer on Sept 14, 2023.
             Slain by a sleepcap (4 damage)
             ... on level 3 of the Dungeon.
             The game lasted 00:03:49 (2651 turns).

ChiefBigBeans the Conjurer (Deep Elf Conjurer)      Turns: 2651, Time: 00:03:49

Health: -1/24      AC:  3    Str:  4    XL:     4   Next: 78%
Magic:  6/12       EV: 13    Int: 25    God:
Gold:   172        SH:  0    Dex: 13    Spells: 10/11 levels left

rFire   . . .        n - +3 dagger (elec)
rCold   . . .        (no shield)
rNeg    . . .        a - +0 robe
rPois   .            k - +0 helmet
rElec   .            (no cloak)
rCorr   .            (no gloves)
SInv    .            (no boots)
Will    .....        (no amulet)
Stlth   ++           (no ring)
HPRegen 0.24/turn    (no ring)
MPRegen 0.13/turn

%: no passive effects
@: no status effects
A: no striking features
a: no special abilities


You were on level 3 of the Dungeon.
You visited 1 branch of the dungeon, and saw 3 of its levels.

You collected 172 gold pieces.

Inventory:

Hand Weapons
 e - a +0 rapier
 n - a +3 dagger of electrocution (weapon)
Armour
 a - a +0 robe (worn)
 k - a +0 helmet (worn)
Jewellery
 d - a +6 ring of dexterity
Scrolls
 c - 2 scrolls of identify {unknown}
 g - a scroll of blinking {unknown}
 j - 2 scrolls of fear {unknown}
 m - a scroll of enchant armour {unknown}
 o - a scroll of teleportation {unknown}
Potions
 b - a potion of magic
 f - 3 potions of attraction {unknown}
 h - a potion of flight {unknown}
 i - a potion of brilliance {unknown}
 l - a potion of cancellation {unknown}
 p - a potion of lignification {unknown}


   Skills:
 + Level 3.6 Dodging
 + Level 3.9 Stealth
 + Level 4.2 Spellcasting
 + Level 5.0 Conjurations


You had 10 spell levels left.
You knew the following spells:

 Your Spells              Type           Power      Damage    Failure   Level
a - Magic Dart            Conj           100%       1d8       1%          1

Your spell library contained the following spells:

 Spells                   Type           Power      Damage    Failure   Level
 Searing Ray              Conj           60%        2d6       1%          2
 Dazzling Flash           Conj/Hex       36%        N/A       10%         3
 Fulminant Prism          Conj/Hex       9%         3d7       30%         4
 Iskenderun's Mystic Bla  Conj/Tloc      18%        2d6       30%         4


Dungeon Overview and Level Annotations

Branches:
Dungeon (3/15)

Altars:

Shops:
D:1 (


Message History

A sleepcap comes into view.
Found 2 cyan potions.
The magic dart hits the sleepcap.
The sleepcap is moderately damaged.
The magic dart hits the sleepcap.
The sleepcap is moderately damaged.
The magic dart hits the sleepcap!
The sleepcap is heavily damaged.
The magic dart hits the sleepcap.
The sleepcap is severely damaged.
The magic dart hits the sleepcap.
The sleepcap is severely damaged.
The magic dart hits the sleepcap but does no damage.
The sleepcap is severely damaged.
The magic dart hits the sleepcap but does no damage.
The sleepcap is severely damaged.
The sleepcap releases spores at you.
You are engulfed in a cloud of soporific spores!
You fall asleep.
The sleepcap releases spores at you!!
You wake up.
Ouch! That really hurt!
* * * LOW HITPOINT WARNING * * *
You are engulfed in a cloud of soporific spores!
You are unaffected.
You hit the sleepcap.
The sleepcap is severely damaged.
The sleepcap barely misses you.
You hit the sleepcap.
The sleepcap is almost destroyed.
The sleepcap closely misses you.
You hit the sleepcap but do no damage.
The sleepcap is almost destroyed.
The sleepcap barely misses you.
You hit the sleepcap.
The sleepcap is almost destroyed.
The sleepcap barely misses you.
You hit the sleepcap but do no damage.
The sleepcap is almost destroyed.
The sleepcap releases spores at you.
You die...

####.###.#######.##.#
.........# #....#
...#.##### ###..#
##.#.# ## #..# .#.#..
!. #..###### .#.####
#. #.......# ##.# #.
#.#####.# ...#
#.##.##### ...#####.
.####f@......#
........#
#........###.#
#..#####.#.........#
#P.# .)######.## #P.#
. #.# #P.# #.# ...#
#.# #### #.# # #.#


You could see a sleepcap.

Vanquished Creatures
  Jessica (D:2)
  Robin (D:3)
  An adder (D:3)
  7 endoplasms (D:1)
  2 giant cockroaches (D:1)
  20 goblins
  10 hobgoblins
  6 jackals (D:1)
  2 quokkas
  5 ball pythons
  3 bats
  4 frilled lizards
  5 kobolds
  A rat (D:2)
68 creatures vanquished.

Notes
Turn   | Place    | Note
-------+----------+-------------------------------------------
     0 | D:1      | ChiefBigBeans the Deep Elf Conjurer began the quest for the
                  | Orb.
     0 | D:1      | Reached XP level 1. HP: 10/10 MP: 6/6
    19 | D:1      | You fall into a shaft and drop 1 floor!
   291 | D:2      | Found a faded altar of an unknown god.
   456 | D:2      | Reached XP level 2. HP: 15/15 MP: 6/8
   826 | D:2      | Noticed Jessica
   831 | D:2      | Killed Jessica
   832 | D:2      | Reached XP level 3. HP: 19/19 MP: 3/10
  1451 | D:1      | Found Vetuwk's Weapon Boutique.
  1729 | D:1      | Reached XP level 4. HP: 24/24 MP: 5/11
  2291 | D:3      | Reached skill level 5 in Conjurations
  2299 | D:3      | Noticed Robin
  2408 | D:3      | Killed Robin
  2651 | D:3      | Slain by a sleepcap

Illustrated notes

Levels and vault maps discovered:
D:1:      evilmike_arrival_crescent, layout_basic, serial_shops,
          nicolae_shop_bloodbath_and_beyond, serial_aquarium,
          aquarium_bridge_long_joined [aquarium_subvault_bridge,
          aquarium_subvault_bridge, aquarium_subvault_wall,
          aquarium_subvault_bridge, aquarium_subvault_window,
          aquarium_subvault_bridge], aquarium_bridge_square
          [aquarium_subvault_bridge, aquarium_subvault_bridge,
          aquarium_subvault_bridge, aquarium_subvault_window],
          aquarium_window_fake, aquarium_window_fake, aquarium_window_1,
          aquarium_window_fake, aquarium_view_2d
D:2:      layout_basic, serial_rivers, chequers_serial_rivers_micro_c,
          chequers_serial_rivers_large_a, chequers_serial_rivers_large_b,
          chequers_serial_rivers_room_b, chequers_serial_rivers_room_a,
          chequers_serial_rivers_micro_b, chequers_ecumenical_altar_twisty,
          kennysheep_jessica_study, uniq_jessica
D:3:      corexii_shack_village, layout_loops_ring, minmay_misc_feat_plants,
          glass_columns_a, uniq_robin

Skill      XL: |  1  2  3  4 |
---------------+-------------+-----
Dodging        | 3 |  3.6
Stealth        | 3 |  3.9
Spellcasting   | 4 |  4.2
Conjurations   | 5 |  5.0

Action                     |  1- 3 |  4- 6 || total
---------------------------+-------+-------++-------
  Melee: Dagger            |       |    10 ||    10
   Cast: Magic Dart        |    59 |    56 ||   115
 Armour: Robe              |       |     2 ||     2
  Dodge: Dodged            |       |    12 ||    12
